AoeStats
← eddyykf

Arabia

509826029Analyzed
3v3 RM · 2d ago on Sep 28, 2026· 50m 46s· 6 players
Game mode
Random Map
Map size
Normal (6 player)
Population
200
Speed
Normal
Resources
Standard
Victory
Conquest
Starting age
Dark Age
Ending age
Imperial Age
RankedLock teamsTeams togetherTeam positionsShared explorationLock speedFull tech treeHidden civsTurbo modeCheats
Victory
Defeat
🇨🇳 Franks · China
775
+17
🇺🇸 Chinese · United States
749
+18
🇺🇸 Persians · United States
740
+18
🇹🇼 Teutons · Taiwan
899
-47
🇵🇪 Portuguese · Peru
883
-21
🇸🇬 Koreans · Singapore
576
-9
AnarchistOwl
0:46 Loom
13:28 Feudal Age
14:50 Wheelbarrow
14:02 Double-Bit Axe
18:17 Town Watch
24:14 Castle Age
23:36 Stone Mining
24:23 Horse Collar
27:48 Ballistics
32:55 Fletching
33:31 Bodkin Arrow
34:27 Padded Archer Armor
36:09 Hand Cart
45:07 Imperial Age
42:47 Town Patrol
43:30 Fortified Wall
44:48 Bow Saw
44:36 Gold Mining
45:22 Stone Shaft Mining
45:14 Town Patrol
48:02 Chemistry
47:38 Bracer
51:09 Heavy Plow
雷霆半月斩
10:31 Feudal Age
11:08 Double-Bit Axe
12:35 Loom
17:15 Castle Age
19:50 Husbandry
21:43 Bow Saw
22:16 Forging
22:12 Scale Barding Armor
25:44 Chain Barding Armor
28:26 Wheelbarrow
29:44 Gold Mining
29:51 Stone Mining
34:12 Imperial Age
33:48 Iron Casting
33:13 Scale Mail Armor
33:55 Gold Shaft Mining
35:12 Hand Cart
34:22 Elite Throwing Axeman
36:01 Cavalier
37:17 Caravan
37:47 Squires
37:32 Arson
37:08 Pikeman
38:54 Blast Furnace
38:10 Chain Mail Armor
38:30 Plate Barding Armor
38:37 Conscription
39:20 Paladin
45:50 Plate Mail Armor
45:56 Plate Barding Armor
DickAss69
0:57 Loom
11:52 Feudal Age
12:35 Horse Collar
16:24 Double-Bit Axe
24:21 Castle Age
22:27 Stone Mining
23:26 Gold Mining
23:53 Forging
23:47 Padded Archer Armor
24:11 Fletching
27:25 Bow Saw
27:18 Heavy Plow
27:57 Iron Casting
28:10 Stone Shaft Mining
28:14 Gold Shaft Mining
31:17 Wheelbarrow
32:17 Hand Cart
31:58 Town Watch
33:23 Leather Archer Armor
32:32 Crossbowman
33:47 Thumb Ring
34:00 Town Patrol
35:25 Caravan
36:14 Kamandaran
39:33 Imperial Age
37:03 Bodkin Arrow
38:46 Ballistics
38:38 Light Cavalry
39:29 Bloodlines
39:20 Husbandry
40:50 Blast Furnace
40:21 Ring Archer Armor
40:17 Conscription
40:24 Hussar
43:09 Elite War Elephant
hlsg20002000
11:50 Feudal Age
15:58 Scale Barding Armor
22:55 Castle Age
24:27 Pikeman
25:30 Husbandry
25:33 Loom
32:55 Double-Bit Axe
37:34 Fletching
38:18 Bow Saw
42:06 Imperial Age
43:53 Chemistry
43:13 Ballistics
44:39 Wheelbarrow
元哥
14:11 Feudal Age
14:40 Double-Bit Axe
14:38 Horse Collar
17:24 Gold Mining
20:03 Castle Age
21:10 Bow Saw
21:03 Heavy Plow
22:03 Caravan
25:37 Wheelbarrow
28:30 Imperial Age
28:27 Forging
28:18 Scale Mail Armor
29:49 Crop Rotation
30:23 Two-Man Saw
30:30 Conscription
30:39 Masonry
30:42 Fortified Wall
31:12 Siege Engineers
31:34 Chain Mail Armor
33:05 Stone Mining
33:39 Crenellations
35:40 Town Watch
36:13 Hand Cart
35:44 Loom
35:44 Town Watch
37:29 Plate Mail Armor
37:19 Caravan
40:11 Masonry
40:57 Squires
40:43 Arson
41:05 Elite Teutonic Knight
42:33 Fletching
42:44 Padded Archer Armor
43:22 Iron Casting
43:40 Ballistics
45:13 Elite Skirmisher
45:18 Onager
46:16 Pikeman
eddyykf
0:36 Loom
12:59 Feudal Age
14:34 Town Watch
15:27 Wheelbarrow
14:21 Man-at-Arms
15:27 Arson
17:19 Horse Collar
22:59 Double-Bit Axe
23:27 Stone Mining
23:49 Gold Mining
32:48 Forging
45:27 Castle Age
49:23 Castle Age
Connection lost

Rejoining the realm…

Still unreachable

The connection could not be restored.

Session expired

The server has moved on; the page needs a fresh start.